 Dungeon Crawl Stone Soup version 0.28-a0-239-g68911e0c57 (webtiles) character file.

Game seed: 1464869427138459687

25 aSlayers the Digger (level 2, 0/19 HPs)
             Began as a Demonspawn Earth Elementalist on Aug 20, 2021.
             Slain by a gnoll (4 damage)
             ... on level 2 of the Dungeon on Aug 23, 2021.
             The game lasted 00:07:53 (1128 turns).

aSlayers the Digger (Demonspawn Earth Elementalist) Turns: 1128, Time: 00:07:54

Health: 0/19       AC:  2    Str:  8    XL:     2   Next: 86%
Magic:  1/5        EV: 12    Int: 16    God:
Gold:   28         SH:  0    Dex: 21    Spells: 4/5 levels left

rFire   . . .      SeeInvis .   e - staff of death
rCold   . . .      Faith    .   (no shield)
rNeg    + . .      Spirit   .   b - +0 robe
rPois   .          Reflect  .   (no helmet)
rElec   .          Harm     .   (no cloak)
rCorr   .          Rampage  .   (no gloves)
Will    .....                   (no boots)
Stlth   +++.......              (no amulet)
HPRegen 0.06/turn               g - +6 ring of dexterity
MPRegen 0.09/turn               (no ring)

@: no status effects
A: thin skeletal structure 1
a: no special abilities


You were on level 2 of the Dungeon.
You visited 1 branch of the dungeon, and saw 2 of its levels.

You collected 28 gold pieces.

Inventory:

Hand Weapons
 a - a +0 whip
Missiles
 c - 56 stones
Armour
 b - a +0 robe (worn)
Magical Staves
 e - a staff of death (weapon)
Jewellery
 g - a +6 ring of dexterity (left hand)
 h - a ring of resist corrosion
Scrolls
 f - a scroll of teleportation {unknown}
Potions
 d - a potion of lignification {unknown}


   Skills:
 + Level 0.1 Fighting
 + Level 0.6 Staves
 + Level 1.9 Dodging
 + Level 2.1 Stealth
 + Level 2.2 Spellcasting
 + Level 0.8 Transmutations
 + Level 3.1 Earth Magic


You had 4 spell levels left.
You knew the following spells:

 Your Spells              Type           Power      Damage    Failure   Level
a - Sandblast             Erth           22%        2d7       5%          1

Your spell library contained the following spells:

 Spells                   Type           Power      Damage    Failure   Level
 Passwall                 Tmut/Erth      6%         N/A       14%         2
 Stone Arrow              Conj/Erth      12%        3d7       32%         3
 Petrify                  Tmut/Erth      8%         N/A       65%         4


Dungeon Overview and Level Annotations

Branches:
Dungeon (2/15)

Altars:


Innate Abilities, Weirdness & Mutations

You have a somewhat thin skeletal structure. (Dex +2, Stealth+)


Message History

Casting: Sandblast (safe; 5% risk of failure)
Confirm with . or Enter, or press ? or * to list all spells.
Aiming: Sandblast (safe; 5% risk of failure)
Press: ? - help, Shift-Dir - straight line, f - kobold
Aim: a kobold, wielding a +0 club (74% to hit)
The blast of sand hits the kobold.
You kill the kobold!
The bat misses you.
Casting: Sandblast (safe; 5% risk of failure)
Confirm with . or Enter, or press ? or * to list all spells.
Aiming: Sandblast (safe; 5% risk of failure)
Press: ? - help, Shift-Dir - straight line, f - bat
Aim: a bat (69% to hit)
The blast of sand hits the bat!
You kill the bat!
Sorry, you're not good enough to have a special ability.
Casting: Sandblast (safe; 5% risk of failure)
Confirm with . or Enter, or press ? or * to list all spells.
You don't know that spell.
Unknown command.
Things that are here:
a +0 club; a kobold corpse
Casting: Sandblast (safe; 5% risk of failure)
Confirm with . or Enter, or press ? or * to list all spells.
You don't have enough magic to cast this spell.
Unknown command.
A kobold is nearby!
A gnoll comes into view. It is wielding a +0 spear.
The kobold hits you with a +0 dagger.
You see here a bat corpse.
The kobold closely misses you. The gnoll barely misses you.
The kobold hits you with a +0 dagger.
The gnoll hits you from afar with a +0 spear!
The kobold hits you but does no damage.
You hit the kobold.
You kill the kobold!
The gnoll hits you from afar with a +0 spear.
* * * LOW HITPOINT WARNING * * *
The gnoll hits you from afar with a +0 spear.
You die...

# #. #.# # #.#
########## ##.
#.###.<.....<.
###..#
###.......####.
......##.@######.#
#.g).# .# #.)##.#
# #............
.....#.....##..
####........# .#
#.##.....# # #.
#..#..# # #..#..#


You could see a gnoll.

Vanquished Creatures
  2 dart slugs (D:1)
  A ball python (D:1)
  An endoplasm (D:1)
  2 hobgoblins
  3 jackals (D:1)
  3 bats
  A frilled lizard (D:1)
  5 kobolds
  4 rats (D:1)
22 creatures vanquished.

Notes
Turn   | Place    | Note
-------+----------+-------------------------------------------
     0 | D:1      | aSlayers the Demonspawn Earth Elementalist began the quest
                  | for the Orb.
     0 | D:1      | Reached XP level 1. HP: 13/13 MP: 3/3
   370 | D:1      | Gained mutation: You have a somewhat thin skeletal
                  | structure. (Dex +2, Stealth+) [demonic ancestry]
   370 | D:1      | Reached XP level 2. HP: 19/19 MP: 3/5
   400 | D:1      | Reached skill level 3 in Earth Magic
  1086 | D:1      | Upgraded the game from 0.28-a0-206-gc2c9e32840 to
                  | 0.28-a0-239-g68911e0c57
  1128 | D:2      | Slain by a gnoll

Illustrated notes

Levels and vault maps discovered:
D:1:      onia_arrival_mini_maze, layout_basic
D:2:      layout_loops_ring, dilly_ecumenical_altar_fadedgnrine, minivault_19,
          nrook_loot_triangle, minmay_hexomino_c4, uniq_sigmund

Skill      XL: |  1  2 |
---------------+-------+-----
Stealth        | 2 |  2.1
Earth Magic    | 3 |  3.1
Fighting       | |  0.1
Staves         | |  0.6
Dodging        | |  1.9
Spellcasting   | |  2.2
Transmutations | |  0.8

Action                   || total
-------------------------++-------
Melee: Staff             ||    13
 Cast: Sandblast         ||    29
Armor: Robe              ||     7
Dodge: Dodged            ||    24

Table legend: (Time is in decaauts)
 A = Elapsed time spent in this place.
 B = Non-inter-level travel time spent in this place.
 C = Inter-level travel time spent in this place.
 D = Time resting spent in this place.
 E = Time spent auto-exploring this place.
 F = Levels seen in this place.
 G = Mean time per level.
                   A        B        C        D        E       F      G
               +--------+--------+--------+--------+--------+-----+--------+
         Total |   1128 |   1122 |      6 |      0 |    881 |   2 |  564.0 |
       Dungeon |   1128 |   1122 |      6 |      0 |    881 |   2 |  564.0 |
               +--------+--------+--------+--------+--------+-----+--------+

Top non-repeatable levels by time:
     D:1: 1107 daAuts
     D:2: 20 daAuts
